 Dungeon Crawl Stone Soup version 0.23-a0-94-g44dc95ea49 (webtiles) character file.

81359 Zwiesh the Unseen (level 15, -7/88 HPs)
             Began as a Spriggan Enchanter on Aug 17, 2018.
             Was a High Priest of Dithmenos.
             Mangled by a sun demon (19 damage)
             ... summoned by an orc high priest
             ... on level 2 of the Orcish Mines.
             The game lasted 01:29:52 (33981 turns).

Zwiesh the Unseen (Spriggan Enchanter)             Turns: 33981, Time: 01:29:53

Health: -7/88      AC: 12    Str:  8    XL:     15   Next: 26%
Magic:  20/33      EV: 31    Int: 16    God:    Dithmenos [*****.]
Gold:   1109       SH:  4    Dex: 18    Spells: 28/40 levels left

rFire    . . .     SeeInvis +   M - +5 rapier (flame)
rCold    . . .     Gourm    .   (shield restricted)
rNeg     + . .     Faith    .   N - +1 robe {rN+}
rPois    .         Spirit   .   b - +1 hat {SInv}
rElec    .         Reflect  +   g - +2 cloak
rCorr    .         Harm     .   (gloves unavailable)
MR       ++...                  (boots unavailable)
Stlth    ++++++++++             E - +4 amulet of reflection
HPRegen  0.24/turn              s - +4 ring of slaying
MPRegen  0.23/turn              x - +5 ring of protection

@: wreathed by umbra, very quick
A: very small, unfitting armour, rugged brown scales 1, see invisible, deformed
body, dopey 1, herbivore, speed 3, robust 1, slow metabolism 2
a: Shadow Step, Shadow Form, Renounce Religion


You were on level 2 of the Orcish Mines.
You worshipped Dithmenos.
Dithmenos was extremely pleased with you.
You were not hungry.

You visited 4 branches of the dungeon, and saw 23 of its levels.
You also visited: Sewer.

You collected 1769 gold pieces.
You spent 660 gold pieces at shops.

Inventory:

Hand Weapons
 I - a +0 rapier
 M - a +5 rapier of flaming (weapon)
Missiles
 j - 4 throwing nets (quivered)
Armour
 b - a +1 hat of see invisible (worn)
 g - a +2 cloak (worn)
 N - a +1 robe of positive energy (worn)
Jewellery
 f - an uncursed ring of protection from cold
 k - an uncursed ring of positive energy
 r - an uncursed amulet of magic regeneration
 s - a +4 ring of slaying (left hand)
 t - an uncursed ring of fire
 v - an uncursed ring of protection from fire
 x - a +5 ring of protection (right hand)
 E - a +4 amulet of reflection (around neck)
 H - an uncursed ring of resist corrosion
 K - an uncursed ring of magical power
Wands
 a - a wand of flame (23)
 i - a wand of digging (10)
 y - a wand of iceblast (14)
 J - a wand of enslavement (16)
Scrolls
 c - 8 scrolls of teleportation
 h - 6 scrolls of remove curse
 m - 3 scrolls of fog
 n - a scroll of fear
 w - 2 scrolls of torment
 z - 2 scrolls of immolation
 A - 2 scrolls of magic mapping
 F - a scroll of identify
 G - a scroll of amnesia
 L - a scroll of blinking
Potions
 e - 3 potions of might
 o - 7 potions of curing
 p - a potion of magic
 q - 3 potions of flight
 u - 8 potions of lignification
 B - a potion of cancellation
Miscellaneous
 l - a lightning rod (4/4)
Comestibles
 d - 34 rations


   Skills:
 + Level 8.9 Fighting
 + Level 11.4 Short Blades
 + Level 14.4 Dodging
 + Level 20.5 Stealth
 + Level 13.1 Spellcasting
 + Level 13.3 Hexes


You had 28 spell levels left.
You knew the following spells:

 Your Spells              Type           Power        Failure   Level  Hunger
a - Ensorcelled Hibernat  Hex/Ice        ####..       1%          2    None
b - Corona                Hex            ######.      1%          1    None
c - Confuse               Hex            ######..     1%          3    None
d - Tukima's Dance        Hex            ######..     1%          3    None
e - Dazzling Spray        Conj/Hex       ####..       1%          3    None

Your spell library contained the following spells:

 Spells                   Type           Power        Failure   Level  Hunger
 Apportation              Tloc           ##....       7%          1    None
 Summon Small Mammal      Summ           ##..         7%          1    None
 Bolt of Draining         Conj/Necr      ##........   88%         5    ####...
 Animate Skeleton         Necr           N/A          7%          1    None
 Dispel Undead            Necr           ##......     88%         5    ####...
 Sublimation of Blood     Necr           ##........   10%         2    None
 Corpse Rot               Necr           N/A          10%         2    None
 Agony                    Necr           ##......     88%         5    ####...
 Deflect Missiles         Chrm/Air       ##........   100%        6    ######.
 Confusing Touch          Hex            ######       1%          1    None
 Metabolic Englaciation   Hex/Ice        ####......   12%         5    ####...
 Silence                  Hex/Air        ####......   12%         5    ####...
 Conjure Ball Lightning   Conj/Air       ##........   100%        6    ######.
 Excruciating Wounds      Chrm/Necr      ##........   88%         5    ####...
 Petrify                  Tmut/Erth      ##......     54%         4    ##.....
 Tornado                  Air            ##........   100%        9    #######
 Summon Lightning Spire   Summ/Air       ##......     54%         4    ##.....
 Gell's Gravitas          Tloc           ##........   21%         3    None
 Yara's Violent Unravell  Hex/Tmut       ####......   12%         5    ####...


Dungeon Overview and Level Annotations

Branches:
Dungeon (14/15)            Temple (1/1) D:5            Lair (6/6) D:8
 Shoals (0/4) Lair:4       Spider (0/4) Lair:3        Slime (0/5) Lair:6
    Orc (2/2) D:11         Vaults (0/5) D:13
    Elf: Orc:2

Altars:
Ashenzari
Cheibriados
Dithmenos
Elyvilon
Fedhas
Gozag
Hepliaklqana
Kikubaaqudgha
Makhleb
Nemelex Xobeh
Okawaru
Qazlal
Ru
Sif Muna
Trog
Uskayaw
Vehumet
Wu Jian
Xom
Yredelemnul
Zin
The Shining One
Beogh
Lugonu

Shops:
D:10 =   Orc:2 ?*%}

Annotations:
Lair:6 exclusion: 5 oklob plants
Orc:2 exclusion: door


Innate Abilities, Weirdness & Mutations

You are very small and have problems with some larger weapons.
You are too small for most types of armour.
You have supernaturally acute eyesight. (SInv)
You are a herbivore.
You cover ground extremely quickly.
You need to consume almost no food.
You are partially covered in rugged brown scales. (AC +1, +3% HP)
Armour fits poorly on your strangely shaped body.
You are dopey. (Int -2)
You are robust. (+10% HP)


Message History

The orc high priest resists with almost no effort.
The sun demon hits you!
You are engulfed in flames!
* * * LOW HITPOINT WARNING * * *
The orc completely misses you. The orc priest completely misses you.
You block the orc high priest's attack.
Unknown command.
Casting: Ensorcelled Hibernation (safe; 1% risk of failure)
Confirm with . or Enter, or press ? or * to list all spells.
Aiming: Ensorcelled Hibernation (safe; 1% risk of failure)
Press: ? - help, Shift-Dir - straight line, f/p - orc high priest
Aim: an orc high priest, wielding a flail (umbra, chance to defeat MR: 26%)
The orc high priest resists with almost no effort.
The sun demon completely misses you.
The orc priest calls upon Beogh to heal the orc warrior.
The orc warrior is healed somewhat.
The orc warrior completely misses you. x2
The orc closely misses you. The orc priest completely misses you.
The orc high priest closely misses you. The sun demon hits you!
* * * LOW HITPOINT WARNING * * *
You are engulfed in flames!!
You die...

#......#...#.
#.....##..##.
##.....#...###
#..)..##.).##.
#######.....#....##.
###...##.....##...###.
#...........##....# #.
##...oo3....###...##
## #....o@o...###...##
#...∩ooo..####...##
#.....4..####.....##
##......####.......##
##....## #....)....#
###### #..))8)...#
#...))....#
##..)....## ##.....##


You could see an orc high priest, a sun demon, a rust devil, 2 orc warriors, 2
orc priests, an orc wizard and an orc.

Vanquished Creatures
  Gastronok (Orc:1)
  Kirke (D:14)
  2 entropy weavers (Lair:4)
  Snorg (Lair:4)
  9 hydras
  4 vault guards (D:13)
  2 centaur warriors
  3 catoblepae (Lair:6)
  7 two-headed ogres
  An ogre mage (D:14)
  A queen ant (Lair:4)
  5 death yaks (Lair:6)
  3 orc high priests
  A deep elf knight (D:13)
  5 orc knights
  8 ugly things
  A deep elf mage (D:13)
  4 slime creatures
  4 manticores
  5 orc sorcerers
  2 cyclopes
  10 elephants
  A gargoyle (D:10)
  Psyche (D:8)
  3 spiny frogs
  2 black mambas
  6 kobold demonologists (D:13)
  A yaktaur (D:13)
  4 komodo dragons
  2 efreet
  5 trolls
  5 jumping spiders (Lair:3)
  A wind drake (shapeshifter) (D:11)
  7 blink frogs
  2 hornets
  7 hippogriffs
  4 redbacks (Lair:3)
  A vampire (D:7)
  A wraith (D:14)
  A wyvern (D:13)
  37 yaks
  Grum (D:8)
  2 basilisks
  A human (D:13)
  A hungry ghost (D:14)
  4 wargs
  2 acid dragons
  21 soldier ants
  7 porcupines
  14 water moccasins
  26 orc warriors
  A black bear (shapeshifter) (D:13)
  A black bear (Lair:1)
  3 phantoms
  8 boggarts
  A necrophage (D:6)
  4 ice beasts
  5 sky beasts
  13 ogres
  20 wolves
  11 centaurs
  18 crocodiles
  2 big kobolds (D:13)
  18 bullfrogs
  A wyvern zombie (D:10)
  4 scorpions
  13 killer bees
  3 wights (D:8)
  4 howler monkeys
  5 crimson imps
  3 bullfrog zombies
  5 jellies
  A quasit (D:12)
  3 bullfrog skeletons
  4 centaur skeletons
  14 orc priests
  10 hounds
  8 iguanas
  14 orc wizards
  26 worker ants
  2 hound skeletons (D:10)
  A worker ant zombie (D:8)
  A howler monkey zombie (D:8)
  11 gnolls
  17 adders
  3 shadow imps
  5 oozes
  2 adder zombies
  4 worms
  4 dart slugs
  5 leopard geckos
  84 orcs
  10 giant cockroaches
  7 goblins
  8 hobgoblins
  17 jackals
  16 kobolds
  7 quokkas
  A ball python (D:5)
  A ball python skeleton (D:5)
  5 bats
  5 frilled lizards
  A jackal skeleton (D:5)
  2 quokka skeletons
  A quokka zombie (D:5)
  10 rats
  20 plants
723 creatures vanquished.

Vanquished Creatures (others)
  5 humans (D:14)
  A dancing weapon (D:3)
  14 fungi
  9 plants (Lair:6)
29 creatures vanquished.

Grand Total: 752 creatures vanquished

Notes
Turn   | Place    | Note
-------+----------+-------------------------------------------
     0 | D:1      | Zwiesh the Spriggan Enchanter began the quest for the Orb.
     0 | D:1      | Reached XP level 1. HP: 9/9 MP: 5/5
   434 | D:1      | Reached XP level 2. HP: 13/13 MP: 7/7
   438 | D:1      | Learned a level 2 spell: Ensorcelled Hibernation
  1258 | D:2      | Reached XP level 3. HP: 14/16 MP: 9/9
  1447 | D:2      | Learned a level 3 spell: Confuse
  1451 | D:2      | Learned a level 3 spell: Tukima's Dance
  1753 | D:2      | Reached XP level 4. HP: 18/21 MP: 11/11
  1889 | D:2      | Reached skill level 5 in Hexes
  2541 | D:3      | Reached XP level 5. HP: 16/24 MP: 5/13
  2570 | D:3      | Found a stormy altar of Qazlal.
  2934 | D:3      | Reached skill level 5 in Stealth
  2973 | D:3      | Learned a level 3 spell: Dazzling Spray
  3593 | D:4      | Noticed an ogre
  3599 | D:4      | Killed an ogre
  3599 | D:4      | Reached skill level 7 in Stealth
  3599 | D:4      | Reached XP level 6. HP: 19/28 MP: 11/14
  3693 | D:4      | Found a glowing drain.
  3706 | Sewer    | Entered a sewer
  3844 | Sewer    | Reached skill level 8 in Stealth
  4711 | D:4      | Found a hazy altar of Hepliaklqana.
  5015 | D:5      | Entered Level 5 of the Dungeon
  5097 | D:5      | Found a burning altar of Makhleb.
  5115 | D:5      | Reached skill level 9 in Stealth
  5507 | D:5      | Reached XP level 7. HP: 32/32 MP: 15/15
  5564 | D:5      | Reached skill level 10 in Stealth
  5629 | D:5      | Found a staircase to the Ecumenical Temple.
  5643 | Temple   | Entered the Ecumenical Temple
  5748 | D:5      | Reached skill level 11 in Stealth
  5834 | D:5      | Found a sacrificial altar of Ru.
  6058 | D:6      | Reached skill level 12 in Stealth
  6153 | D:6      | Reached XP level 8. HP: 21/36 MP: 13/16
  6446 | D:6      | Found a snail-covered altar of Cheibriados.
  6492 | D:6      | Reached skill level 13 in Stealth
  7115 | D:6      | Reached skill level 14 in Stealth
  7844 | D:7      | Reached skill level 15 in Stealth
  7891 | D:7      | Reached skill level 5 in Spellcasting
  8185 | D:7      | Reached XP level 9. HP: 17/40 MP: 14/17
  8812 | D:7      | Reached skill level 1 in Fighting
  9581 | D:8      | Found a staircase to the Lair.
  9760 | D:8      | Noticed Psyche
  9778 | D:8      | Killed Psyche
  9778 | D:8      | Reached skill level 5 in Dodging
 10204 | D:8      | You fall through a shaft for 3 floors!
 10217 | D:11     | Found a staircase to the Orcish Mines.
 10221 | D:11     | Noticed a wind drake
 10232 | D:11     | Killed a wind drake
 10496 | D:10     | Entered Level 10 of the Dungeon
 10518 | D:10     | Found Kedgh's Jewellery Shop.
 10886 | D:10     | Reached skill level 16 in Stealth
 10888 | D:10     | Reached XP level 10. HP: 17/48 MP: 1/20
 11310 | D:9      | Identified a scroll of acquirement
 11323 | D:9      | Got a coiled lead ring
 11325 | D:9      | Identified the ring of Urikoa {rC+ Str+4 Dex+3 Slay-5} (You acquired it on level 9 of the Dungeon)
 11529 | D:9      | Gained mutation: You have large cloven feet. [potion of mutation]
 11529 | D:9      | Gained mutation: You are somewhat resistant to further mutation. [potion of mutation]
 11530 | D:9      | Lost mutation: You have large cloven feet. [potion of mutation]
 11531 | D:9      | Lost mutation: You are somewhat resistant to further mutation. [potion of mutation]
 11531 | D:9      | Gained mutation: Your body sometimes deteriorates upon taking damage. [potion of mutation]
 11531 | D:9      | Gained mutation: You are partially covered in molten scales. (AC +2) [potion of mutation]
 11531 | D:9      | Gained mutation: Your spells are a little harder to cast, but a little more powerful. [potion of mutation]
 12032 | D:8      | Found an ornate altar of the Wu Jian Council.
 12035 | D:8      | Noticed Grum
 12065 | D:8      | Killed Grum
 12451 | D:8      | Found an opulent altar of Gozag.
 12451 | D:8      | Found a blossoming altar of Fedhas.
 12455 | D:8      | Found a shattered altar of Ashenzari.
 12456 | D:8      | Found a basalt altar of Yredelemnul.
 12457 | D:8      | Found a glowing golden altar of the Shining One.
 12504 | D:8      | Found a sparkling altar of Nemelex Xobeh.
 12715 | D:8      | Found a shimmering altar of Xom.
 12863 | D:9      | Lost mutation: Your spells are a little harder to cast, but a little more powerful. [potion of mutation]
 12863 | D:9      | Lost mutation: Your body sometimes deteriorates upon taking damage. [potion of mutation]
 12863 | D:9      | Gained mutation: You are dopey. (Int -2) [potion of mutation]
 12863 | D:9      | Gained mutation: You have sharp toenails. [potion of mutation]
 13120 | D:10     | Bought a +5 ring of protection for 660 gold pieces
 13210 | D:9      | Found a white marble altar of Elyvilon.
 13251 | D:9      | Found a shadowy altar of Dithmenos.
 13254 | D:9      | Became a worshipper of Dithmenos the Shadowed
 13413 | D:9      | Noticed a two-headed ogre
 13415 | D:9      | Killed a two-headed ogre
 13415 | D:9      | Reached skill level 5 in Short Blades
 13800 | D:10     | Noticed a gargoyle
 13807 | D:10     | Killed a gargoyle
 14339 | D:11     | Noticed a cyclops
 14343 | D:11     | Killed a cyclops
 14518 | D:11     | Reached * piety under Dithmenos
 14737 | D:11     | Reached XP level 11. HP: 53/53 MP: 24/24
 15643 | D:12     | Noticed a five-headed hydra
 15645 | D:12     | Killed a five-headed hydra
 15645 | D:12     | Reached skill level 17 in Stealth
 16468 | D:13     | Noticed a deep elf knight
 16468 | D:13     | Noticed an orc knight
 16488 | D:13     | Killed a deep elf knight
 16490 | D:13     | Killed an orc knight
 16688 | D:13     | Noticed a vault guard
 16722 | D:13     | Killed a vault guard
 16722 | D:13     | Reached skill level 5 in Fighting
 17120 | D:13     | Noticed a deep elf mage
 17130 | D:13     | Reached ** piety under Dithmenos
 17142 | D:13     | Killed a deep elf mage
 17383 | D:13     | Reached XP level 12. HP: 59/60 MP: 26/26
 17388 | D:13     | Reached skill level 10 in Dodging
 17799 | D:13     | Reached skill level 10 in Hexes
 18024 | D:13     | Noticed a centaur warrior
 18029 | D:13     | Killed a centaur warrior
 18129 | D:13     | Noticed a vault guard
 18131 | D:13     | Noticed a vault guard
 18132 | D:13     | Noticed a vault guard
 18137 | D:13     | Reached skill level 18 in Stealth
 18174 | D:13     | Killed a vault guard
 18174 | D:13     | Reached skill level 10 in Spellcasting
 18326 | D:13     | Killed a vault guard
 18483 | D:13     | Found a gate to the Vaults.
 18486 | D:13     | Killed a vault guard
 18725 | D:14     | Noticed Kirke
 18726 | D:14     | Killed Kirke
 19113 | D:14     | Reached *** piety under Dithmenos
 19168 | D:14     | Noticed a centaur warrior
 19175 | D:14     | Noticed a two-headed ogre
 19175 | D:14     | Noticed a two-headed ogre
 19191 | D:14     | Killed a centaur warrior
 19457 | D:14     | Noticed an ogre mage
 19465 | D:14     | Noticed a two-headed ogre
 19471 | D:14     | Killed a two-headed ogre
 19484 | D:14     | Killed an ogre mage
 19484 | D:14     | Reached XP level 13. HP: 65/65 MP: 25/28
 20596 | Lair:1   | Entered Level 1 of the Lair of Beasts
 21596 | Lair:2   | Reached **** piety under Dithmenos
 21856 | Lair:2   | Reached skill level 19 in Stealth
 22672 | Lair:3   | Found a hole to the Spider Nest.
 23073 | Lair:3   | HP: 2/67 [wolf (3)]
 23976 | Lair:4   | Reached skill level 10 in Short Blades
 24039 | Lair:4   | Found a staircase to the Shoals.
 24540 | Lair:4   | Noticed an entropy weaver
 24541 | Lair:4   | Noticed an entropy weaver
 24541 | Lair:4   | Noticed Snorg
 24555 | Lair:4   | Reached XP level 14. HP: 67/72 MP: 24/30
 24600 | Lair:4   | Killed an entropy weaver
 24600 | Lair:4   | Reached ***** piety under Dithmenos
 24611 | Lair:4   | Killed Snorg
 24944 | Lair:4   | Killed an entropy weaver
 26645 | Lair:5   | Lost mutation: You are partially covered in molten scales. (AC +2) [potion of mutation]
 26645 | Lair:5   | Lost mutation: You have sharp toenails. [potion of mutation]
 26645 | Lair:5   | Gained mutation: Armour fits poorly on your strangely shaped body. [potion of mutation]
 26645 | Lair:5   | Gained mutation: You are partially covered in rugged brown scales. (AC +1, +3% HP) [potion of mutation]
 26645 | Lair:5   | Gained mutation: You are robust. (+10% HP) [potion of mutation]
 27591 | Lair:6   | Entered Level 6 of the Lair of Beasts
 28765 | Lair:6   | Found a staircase to the Slime Pits.
 29111 | Lair:6   | Reached skill level 20 in Stealth
 31663 | Orc:1    | Entered Level 1 of the Orcish Mines
 32468 | Orc:1    | Noticed Gastronok
 32470 | Orc:1    | Killed Gastronok
 32470 | Orc:1    | Reached XP level 15. HP: 81/88 MP: 27/32
 32628 | Orc:2    | Entered Level 2 of the Orcish Mines
 33148 | Orc:2    | Found Miqil's Gadget Emporium.
 33166 | Orc:2    | Found a roughly hewn altar of Beogh.
 33300 | Orc:2    | Found Imynoera's Food Shoppe.
 33342 | Orc:2    | Reached ****** piety under Dithmenos
 33652 | Orc:2    | Found Hicinyni's Assorted Antiques.
 33960 | Orc:2    | Found Ziecefue's Magic Scroll Shoppe.
 33981 | Orc:2    | Mangled by a sun demon

Vault maps used:
D:1:      minmay_arrival_semitransparent, palyth_stone_intersect, minivault_27
D:3:      nicolae_qazlal_general_emergency
D:4:      kennysheep_little_box, portal_sewer_entry_b, first_ration
D:5:      nicolae_ru_sacrificial_ziggurat, temple_hall, makhleb_heckhound_becter
D:6:      overflow_temple_1_default, minmay_gold_behind_fungi, minivault_26
D:8:      old_standard_altar, lemuel_coloured_pillars_altar, minitemple,
          dpeg_oklobed_lair, uniq_grum, uniq_psyche
D:9:      lemuel_round_altar, lemuel_doored_altar, grunt_ogre_cave
D:10:     serial_shops, nicolae_shop_behind_doors
D:11:     orc_0_dummy
D:13:     grunt_vaults_entry_fortified
D:14:     uniq_kirke
Temple:   corrupted_temple
Lair:2:   st_stairs_4, lemuel_fruit_tree, lemuel_fruit_fields
Lair:3:   nicolae_spider_entry_tight_spaces, minmay_holes,
          infiniplex_staircase_pool_2
Lair:4:   minmay_shoals_entry_centaurs, zaba_anthell, uniq_snorg
Lair:5:   wad_woods_structure_01
Lair:6:   evilmike_catoblepas_cave, minmay_slime_entry_oklob_open
Orc:1:    uniq_gastronok
Orc:2:    pubby_orc_utopia
Sewer:    sewer_the_crocodile

Skill      XL: |  1  2  3  4  5  6  7  8  9 10 11 12 13 14 15 |
---------------+----------------------------------------------+-----
Spellcasting   | 3 4 5 6 8 9 10 11 12 13 | 13.1
Hexes          | 4 5 7 8 9 10 12 13 | 13.3
Stealth        | 7 9 12 15 16 17 18 19 20 | 20.5
Fighting       | 2 4 5 6 7 8 |  8.9
Short Blades   | 4 5 7 8 10 11 | 11.4
Dodging        | 6 8 9 11 12 14 | 14.4

Action                   |  1- 3 |  4- 6 |  7- 9 | 10-12 | 13-15 || total
-------------------------+-------+-------+-------+-------+-------++-------
Melee: Dagger            |   101 |   189 |   237 |   607 |  1317 ||  2451
       Kick              |       |       |       |   124 |   186 ||   310
       Rapier            |       |       |       |       |   287 ||   287
 Cast: Corona            |     4 |       |       |       |       ||     4
       Ensorcelled Hiber |    15 |    32 |    61 |    36 |    81 ||   225
       Confuse           |     2 |     3 |    15 |    46 |    32 ||    98
       Tukima's Dance    |       |     3 |       |     1 |       ||     4
       Dazzling Spray    |       |     8 |     7 |    19 |    41 ||    75
Invok: Shadow Step       |       |       |       |       |     6 ||     6
Evoke: Wand              |       |       |       |     9 |     2 ||    11
       Lightning rod     |       |       |       |       |     4 ||     4
  Use: Scroll            |     8 |     5 |     5 |    12 |    13 ||    43
       Potion            |       |     2 |     4 |     8 |     5 ||    19
 Stab: Sleeping          |    13 |    31 |    46 |    55 |   124 ||   269
       Distracted        |     1 |       |       |     6 |     4 ||    11
       Confused          |     1 |       |     9 |    21 |    18 ||    49
       Invisible         |       |     2 |     4 |     9 |    13 ||    28
       Fleeing           |       |       |       |       |     2 ||     2
  Eat: Ration            |       |     3 |     3 |     5 |     9 ||    20
Armor: Robe              |     6 |    14 |     9 |    58 |    91 ||   178
Dodge: Dodged            |    74 |   196 |   181 |   472 |  1026 ||  1949
Block: Other             |       |       |       |    39 |   163 ||   202
       Reflection        |       |       |       |     3 |     9 ||    12

Table legend:
 A = Non-vault XP
 B = Vault XP
 C = Vault XP percentage of total XP
 D = Non-vault monster count
 E = Vault monster count
 F = Vault count percentage of total count
 G = Total turns spent on level
                 A         B        C        D         E       F
            +---------+---------+-------+---------+---------+-------
      Total |   66080 |   50148 |  43.1 |     496 |     207 |  29.4
            +---------+---------+-------+---------+---------+-------
        D:1 |      40 |       0 |   0.0 |      18 |       0 |   0.0
        D:2 |      67 |       0 |   0.0 |      18 |       0 |   0.0
        D:3 |     167 |       0 |   0.0 |      31 |       0 |   0.0
        D:4 |     201 |       4 |   2.0 |      15 |       3 |  16.7
        D:5 |     525 |      40 |   7.1 |      21 |       1 |   4.5
        D:6 |     956 |       0 |   0.0 |      34 |       0 |   0.0
        D:7 |    1637 |       0 |   0.0 |      23 |       0 |   0.0
        D:8 |     780 |    1062 |  57.7 |      15 |       6 |  28.6
        D:9 |    1258 |     899 |  41.7 |      38 |       1 |   2.6
       D:10 |    1977 |       0 |   0.0 |      25 |       0 |   0.0
       D:11 |    1617 |       0 |   0.0 |      13 |       0 |   0.0
       D:12 |    3134 |       0 |   0.0 |      21 |       0 |   0.0
       D:13 |    9932 |    6926 |  41.1 |      50 |      10 |  16.7
       D:14 |   13152 |    1992 |  13.2 |      37 |       1 |   2.6
     Lair:1 |    1634 |       0 |   0.0 |       9 |       0 |   0.0
     Lair:2 |    4816 |     983 |  17.0 |      21 |       1 |   4.5
     Lair:3 |    5230 |    2412 |  31.6 |      19 |       9 |  32.1
     Lair:4 |    2405 |    8917 |  78.8 |      16 |      46 |  74.2
     Lair:5 |    7321 |    2250 |  23.5 |      26 |      10 |  27.8
     Lair:6 |    5648 |   10739 |  65.5 |      19 |      24 |  55.8
      Orc:1 |    3583 |    2234 |  38.4 |      27 |       1 |   3.6
      Orc:2 |       0 |   11573 | 100.0 |       0 |      88 | 100.0
      Sewer |       0 |     117 | 100.0 |       0 |       6 | 100.0
            +---------+---------+-------+---------+---------+-------
